 Dungeon Crawl Stone Soup version 0.29-a0-91-gdebf4667c2 (webtiles) character file.

Game seed: 6980725955287255146

1416 enile the Nimble (level 8, 0/64 HPs)
             Began as a Gnoll Wanderer on Feb 9, 2022.
             Was an Initiate of Yredelemnul.
             Succumbed to a water moccasin's poison
             ... on level 7 of the Dungeon.
             The game lasted 00:14:04 (7203 turns).

enile the Nimble (Gnoll Wanderer)                   Turns: 7203, Time: 00:14:04

Health: 0/64       AC:  5    Str:  8 (9)  XL:     8   Next: 71%
Magic:  22/22      EV: 15    Int: 19 (20) God:    Yredelemnul [......]
Gold:   218        SH:  0    Dex: 11 (14) Spells: 12/14 levels left

rFire   . . .      SeeInvis .   i - +1 dagger (venom)
rCold   . . .      Faith    .   (no shield)
rNeg    . . .      Spirit   .   c - +1 leather armour
rPois   .          Reflect  .   (no helmet)
rElec   .          Harm     .   G - +0 cloak
rCorr   .          Rampage  .   (no gloves)
Will    .....                   (no boots)
Stlth   ++........              (no amulet)
HPRegen 0.20/turn               k - +6 ring of intelligence
MPRegen 0.18/turn               x - ring of magical power

@: mighty, lethally poisoned (0 -> -6)
A: fangs 1, strong nose, distributed training, clever 1, sense surroundings 1,
weak 1, no potion heal 1
a: Renounce Religion, Recall Undead Harvest


You were on level 7 of the Dungeon.
You worshipped Yredelemnul.
Yredelemnul was noncommittal.
You visited 1 branch of the dungeon, and saw 7 of its levels.

You collected 218 gold pieces.

Inventory:

Hand Weapons
 a - a +0 hunting sling
 i - a +1 dagger of venom (weapon)
 E - a +0 vorpal arbalest
Missiles
 d - 12 sling bullets
 f - 146 stones
 p - 6 poisoned darts
 F - 68 arrows
Armour
 c - a +1 leather armour (worn)
 o - a +0 chain mail
 G - a +0 cloak (worn)
Jewellery
 k - a +6 ring of intelligence (left hand)
 w - a ring of ice
 x - a ring of magical power (right hand)
 A - a +6 ring of intelligence
 C - a ring of positive energy
Wands
 D - a wand of polymorph (10) (quivered)
Scrolls
 b - 2 scrolls of enchant weapon
 g - 2 scrolls of fog
 l - 2 scrolls of identify
 n - 2 scrolls of teleportation {unknown}
 z - a scroll of silence
Potions
 m - a potion of brilliance
 s - a potion of might
 v - a potion of degeneration
Miscellaneous
 e - a piece from Xom's chessboard (15/15)


   Skills:
 + Level 5.8 Fighting
 + Level 3.5 Short Blades
 + Level 3.5 Long Blades
 + Level 3.5 Axes
 + Level 3.5 Maces & Flails
 + Level 3.5 Polearms
 + Level 3.5 Staves
 + Level 4.4 Slings
 + Level 3.5 Bows
 + Level 3.5 Crossbows
 + Level 4.4 Throwing
 + Level 3.5 Armour
 + Level 11.0 Dodging
 + Level 3.5 Stealth
 + Level 3.5 Shields
 + Level 3.5 Unarmed Combat
 + Level 3.5 Spellcasting
 + Level 2.9 Conjurations
 + Level 2.9 Hexes
 + Level 2.9 Summonings
 + Level 2.9 Necromancy
 + Level 2.9 Translocations
 + Level 2.9 Transmutations
 + Level 2.9 Fire Magic
 + Level 2.9 Ice Magic
 + Level 2.9 Air Magic
 + Level 2.9 Earth Magic
 + Level 2.9 Poison Magic
 + Level 3.9 Invocations
 + Level 4.4 Evocations


You had 12 spell levels left.
You knew the following spells:

 Your Spells              Type           Power      Damage    Failure   Level
a - Static Discharge      Conj/Air       14%        N/A       10%         2

Your spell library contained the following spells:

 Spells                   Type           Power      Damage    Failure   Level
 Portal Projectile        Hex/Tloc       28%        N/A       19%         3
 Blade Hands              Tmut           7%         N/A       86%         5
 Excruciating Wounds      Necr           7%         N/A       86%         5
 Fireball                 Conj/Fire      7%         3d5       86%         5
 Iskenderun's Battlesphe  Conj           14%        2d7       86%         5
 Lightning Bolt           Conj/Air       7%         1d19      86%         5
 Conjure Ball Lightning   Conj/Air       7%         3x3d6     100%        6
 Orb of Destruction       Conj           7%         9d6       100%        7
 Maxwell's Capacitive Co  Air            7%         ∞         100%        8


Dungeon Overview and Level Annotations

Branches:
Dungeon (7/15)             Temple (0/1) D:7

Altars:
Yredelemnul

Annotations:
D:6 3 runed translucent doors, Drazool's ghost, novice DjFE; IdlyInterested's ghost, novice DsWn


Innate Abilities, Weirdness & Mutations

You have very sharp teeth.
Your uncanny sense of smell can sniff out nearby items.
Your experience applies equally to all skills.
Your mind is acute. (Int +2)
You passively map a small area around you.
You are weak. (Str -2)
Potions are less effective at restoring your health.


Message History

The water moccasin bites you but does no damage.
Your hound zombie bites the water moccasin.
The water moccasin bites your hound zombie.
You closely miss the water moccasin.
The water moccasin is heavily wounded.
The water moccasin misses you.
Your hound zombie bites the water moccasin but does no damage.
The water moccasin bites your hound zombie.
You miss the water moccasin.
The water moccasin is heavily wounded.
The water moccasin bites you!
* * * LOW HITPOINT WARNING * * *
You are lethally poisoned!
The water moccasin poisons you!
Your hound zombie completely misses the water moccasin.
The water moccasin bites your hound zombie.
* * * LOW HITPOINT WARNING * * *
You feel very sick.
The water moccasin barely misses your hound zombie.
Your hound zombie closely misses the water moccasin.
The water moccasin barely misses you.
Blink to where?
Press: ? - help, Dir - move target
As you read the scroll labelled XIUMMIJUCE, it crumbles to dust.
It was a scroll of blinking.
* * * LOW HITPOINT WARNING * * *
You feel very sick.
Your hound zombie barely misses the water moccasin.
As you read the scroll labelled UFIPYE PABITI, it crumbles to dust.
It is a scroll of brand weapon.
Your +0 arbalest emits a brilliant flash of light!
E - a +0 vorpal arbalest
* * * LOW HITPOINT WARNING * * *
You feel sick.
As you read the scroll labelled ROYSADUSCHU, it crumbles to dust.
You assume a fearsome visage.
The water moccasin looks frightened!
The ice beast looks frightened!
The water moccasin looks frightened!
It was a scroll of fear.
You die...
Your body rises from the dead as a mindless zombie.

,,*
******,,,,,,,,,,+........
,,* *,###***##.#........
,,* *,#.#,,,............
,,******
*,#<#,***##.##......
,,,,,,,* #.#.#,*
#.....#.... ,,,,,,,*
#.#.#,* #.#.#.#....
,,,,,,,*
#.#.#,*###...#.#Y#..
,,,,,,,*
#.#'#+##...#.#.#h#.#
,,,,,,,*
#..@..SZ...#...#.#,#
,,******
#.....Y..........#,* ,,*
###....S...####.>###,*
,,* #................#
*,* ,,*
#....##'#+######.# *,,
,,**########....##.#,*
#.# ***
****............'..#,*
### * *............####,*
* *..........Y.# *,* *


You could see 2 water moccasins, an ice beast (fleeing) and a friendly hound
zombie.

Vanquished Creatures
  A black bear (D:6)
  2 ogres
  A centaur (D:5)
  A kobold brigand (D:4)
  A bullfrog (D:6)
  4 killer bees (D:6)
  A centaur zombie (D:6)
  3 hounds
  A centaur skeleton (D:5)
  3 orc priests
  5 iguanas
  3 orc wizards
  A hound skeleton (D:4)
  6 adders
  A shadow imp (D:6)
  A white imp (D:7)
  An ufetubus (D:5)
  An adder skeleton (D:4)
  A worm (D:2)
  4 dart slugs
  6 orcs
  3 endoplasms (D:4)
  2 giant cockroaches
  3 goblins
  8 hobgoblins
  7 jackals
  A quokka (D:4)
  4 ball pythons
  6 bats
  3 frilled lizards
  9 kobolds
  2 rats
96 creatures vanquished.

Vanquished Creatures (collateral kills)
  A howler monkey (D:5)
  A jelly (D:5)
  A bullfrog skeleton (D:5)
  2 centaur skeletons (D:4)
  An orc wizard (D:4)
  2 orcs
8 creatures vanquished.

Vanquished Creatures (others)
  A centaur zombie (D:5)
  2 killer bee zombies (D:6)
  An ogre zombie (D:4)
  A hound zombie (D:5)
  An adder zombie (D:5)
  A spectral white imp (D:7)
  A giant cockroach zombie (D:4)
  A goblin zombie (D:4)
  A hobgoblin zombie (D:3)
  2 jackal zombies (D:5)
  A kobold zombie (D:4)
  4 orc zombies
  A quokka zombie (D:4)
  5 withered plants (D:6)
23 creatures vanquished.

Grand Total: 127 creatures vanquished

Notes
Turn   | Place    | Note
-------+----------+-------------------------------------------
     0 | D:1      | Reached skill level 10 in Dodging
     0 | D:1      | enile the Gnoll Wanderer began the quest for the Orb.
     0 | D:1      | enile set off with the following items: a +0 hunting sling,
                  | 4 throwing nets, a +0 leather armour, 20 sling bullets, a
                  | piece from Xom's chessboard (15/15)
     0 | D:1      | Reached XP level 1. HP: 20/20 MP: 1/1
    28 | D:1      | You fall into a shaft and drop 1 floor!
   176 | D:2      | Reached XP level 2. HP: 26/26 MP: 2/2
   475 | D:2      | Reached XP level 3. HP: 31/31 MP: 3/3
  1019 | D:1      | Reached skill level 1 in Invocations
  1147 | D:1      | Found a faded altar of an unknown god.
  1675 | D:1      | Prayed at the altar of an unknown god.
  1675 | D:1      | Became a worshipper of Yredelemnul the Dark
  1675 | D:1      | Reached * piety under Yredelemnul
  1740 | D:3      | Reached skill level 1 in Short Blades
  1740 | D:3      | Reached skill level 1 in Long Blades
  1740 | D:3      | Reached skill level 1 in Axes
  1740 | D:3      | Reached skill level 1 in Maces & Flails
  1740 | D:3      | Reached skill level 1 in Polearms
  1740 | D:3      | Reached skill level 1 in Staves
  1740 | D:3      | Reached skill level 1 in Bows
  1740 | D:3      | Reached skill level 1 in Crossbows
  1740 | D:3      | Reached skill level 1 in Armour
  1740 | D:3      | Reached skill level 1 in Stealth
  1740 | D:3      | Reached skill level 1 in Shields
  1740 | D:3      | Reached skill level 1 in Unarmed Combat
  1740 | D:3      | Reached skill level 1 in Spellcasting
  1748 | D:3      | Reached XP level 4. HP: 34/38 MP: 5/5
  2641 | D:3      | Reached skill level 1 in Conjurations
  2641 | D:3      | Reached skill level 1 in Hexes
  2641 | D:3      | Reached skill level 1 in Summonings
  2641 | D:3      | Reached skill level 1 in Necromancy
  2641 | D:3      | Reached skill level 1 in Translocations
  2641 | D:3      | Reached skill level 1 in Transmutations
  2641 | D:3      | Reached skill level 1 in Fire Magic
  2641 | D:3      | Reached skill level 1 in Ice Magic
  2641 | D:3      | Reached skill level 1 in Air Magic
  2641 | D:3      | Reached skill level 1 in Earth Magic
  2641 | D:3      | Reached skill level 1 in Poison Magic
  2764 | D:3      | Learned a level 2 spell: Static Discharge
  3070 | D:4      | Noticed an ogre
  3082 | D:4      | Killed an ogre
  3083 | D:4      | Reached XP level 5. HP: 43/43 MP: 7/7
  3250 | D:4      | Reached XP level 6. HP: 10/50 MP: 8/8
  3680 | D:4      | Reached skill level 5 in Fighting
  3979 | D:4      | Reached XP level 7. HP: 55/56 MP: 10/10
  4210 | D:5      | Entered Level 5 of the Dungeon
  5241 | D:5      | Reached XP level 8. HP: 63/63 MP: 12/12
  6590 | D:6      | Reached skill level 11 in Dodging
  6698 | D:6      | Found a runed translucent gate.
  6699 | D:6      | Found a runed translucent gate.
  6699 | D:6      | Found a runed translucent gate.
  6720 | D:6      | Noticed IdlyInterested's ghost (novice DsWn)
  6720 | D:6      | Noticed Drazool's ghost (novice DjFE)
  7180 | D:7      | Gained mutation: Potions are less effective at restoring
                  | your health. [potion of mutation]
  7180 | D:7      | Gained mutation: Your mind is acute. (Int +2) [potion of
                  | mutation]
  7180 | D:7      | Gained mutation: You are weak. (Str -2) [potion of
                  | mutation]
  7180 | D:7      | Gained mutation: You passively map a small area around you.
                  | [potion of mutation]
  7201 | D:7      | HP: 2/64 [poisoned by a water moccasin]
  7203 | D:7      | Succumbed to a water moccasin's poison

Illustrated notes

Levels and vault maps discovered:
D:1:      sevenhm_arrival_forest_fort_small_4, layout_loops_ring,
          chequers_ecumenical_altar_island, serial_forest,
          infiniplex_forest_end_1, infiniplex_forest_lined_room_2,
          infiniplex_forest_lined_3, infiniplex_forest_lined_2,
          infiniplex_forest_zigzag_1, kennysheep_small_spiral
D:2:      layout_rooms, ebering_dispersal_statue_hall, corexii_shack
D:3:      layout_basic, hangedman_feature_mirror, st_stairs_6,
          kennysheep_generic_room_12
D:4:      layout_basic
D:5:      layout_rooms
D:6:      layout_basic, gammafunk_ghost_cemetery
D:7:      layout_basic, pf_just_have_faith,
          minmay_temple_entry_statues_fountains, nicolae_shop_firing_range,
          uniq_joseph

Skill      XL: |  1  2  3  4  5  6  7  8 |
---------------+-------------------------+-----
Dodging        | 11 | 11.0
Invocations    | 1 2 3 |  3.9
Short Blades   | 1 2 3 |  3.5
Long Blades    | 1 2 3 |  3.5
Axes           | 1 2 3 |  3.5
Maces & Flails | 1 2 3 |  3.5
Polearms       | 1 2 3 |  3.5
Staves         | 1 2 3 |  3.5
Bows           | 1 2 3 |  3.5
Crossbows      | 1 2 3 |  3.5
Armour         | 1 2 3 |  3.5
Stealth        | 1 2 3 |  3.5
Shields        | 1 2 3 |  3.5
Unarmed Combat | 1 2 3 |  3.5
Spellcasting   | 1 2 3 |  3.5
Conjurations   | 1 2 |  2.9
Hexes          | 1 2 |  2.9
Summonings     | 1 2 |  2.9
Necromancy     | 1 2 |  2.9
Translocations | 1 2 |  2.9
Transmutations | 1 2 |  2.9
Fire Magic     | 1 2 |  2.9
Ice Magic      | 1 2 |  2.9
Air Magic      | 1 2 |  2.9
Earth Magic    | 1 2 |  2.9
Poison Magic   | 1 2 |  2.9
Slings         | 3 4 |  4.4
Throwing       | 3 4 |  4.4
Evocations     | 3 4 |  4.4
Fighting       | 5 |  5.8

Action                   |  1- 3 |  4- 6 |  7- 9 || total
-------------------------+-------+-------+-------++-------
Melee: Dagger            |       |    93 |   149 ||   242
       Bite              |       |    15 |    23 ||    38
       Punch             |       |       |     2 ||     2
 Fire: Hunting sling     |   113 |    16 |       ||   129
Throw: Throwing net      |     4 |     3 |     1 ||     8
       Dart              |       |       |    16 ||    16
       Stone             |       |       |     2 ||     2
 Cast: Static Discharge  |       |    12 |    12 ||    24
  Use: Potion            |       |     4 |     6 ||    10
       Scroll            |       |       |     8 ||     8
 Stab: Sleeping          |       |     2 |       ||     2
       Held in net/web   |       |     1 |       ||     1
Armor: Leather armour    |     7 |    28 |    47 ||    82
Dodge: Dodged            |    29 |    89 |   179 ||   297

Table legend: (Time is in decaauts)
 A = Elapsed time spent in this place.
 B = Non-inter-level travel time spent in this place.
 C = Inter-level travel time spent in this place.
 D = Time resting spent in this place.
 E = Time spent auto-exploring this place.
 F = Levels seen in this place.
 G = Mean time per level.
                   A        B        C        D        E       F      G
               +--------+--------+--------+--------+--------+-----+--------+
         Total |   7199 |   6811 |    388 |    377 |   5424 |   7 | 1028.4 |
       Dungeon |   7199 |   6811 |    388 |    377 |   5424 |   7 | 1028.4 |
               +--------+--------+--------+--------+--------+-----+--------+

Top non-repeatable levels by time:
     D:4: 1778 daAuts
     D:5: 1344 daAuts
     D:3: 1135 daAuts
     D:6: 1041 daAuts
     D:1: 868 daAuts
     D:2: 829 daAuts
     D:7: 202 daAuts
